Construct Section Command Post
Construct Platoon Command Post
Construct Platoon Command Post
Unlock M3 Stuart Light Tanks
Selects Australian Defense Battlegroup
Selects Australian Light Infantry Section
Selects 2-pounder Anti-tank Gun Team
Selects Vehicle Over Repair
Construct Company Command Post
6-pounder Anti-tank Gun Team
Construct Field Infirmary
Construct Company Command Post
Unlock M3 Grant Medium Tanks
6-pounder Anti-tank Gun Team